 Dungeon Crawl Stone Soup version 0.21.1-1-g345015f (webtiles) character file.

58 empire the Covered (level 3, -4/31 HPs)
             Began as a Minotaur Fighter on May 4, 2018.
             Slain by a sky beast (6 damage)
             ... on level 3 of the Dungeon.
             The game lasted 00:03:14 (1051 turns).

empire the Covered (Minotaur Fighter)               Turns: 1051, Time: 00:03:15

Health: -4/31      AC:  8    Str: 21    XL:     3   Next: 75%
Magic:  2/2        EV:  7    Int:  5    God:
Gold:   95         SH:  9    Dex:  9    Spells: 2/2 levels left

rFire    . . .     SeeInvis .   a - +0 war axe
rCold    . . .     Gourm    .   c - +0 shield
rNeg     . . .     Faith    .   b - +0 scale mail
rPois    .         Spirit   .   g - +1 hat
rElec    .         Reflect  .   (no cloak)
rCorr    .         Harm     .   (no gloves)
MR       .....                  (no boots)
Stlth    +.........             (no amulet)
HPRegen  0.10/turn              r - ring of stealth
MPRegen  0.08/turn              (no ring)

@: no status effects
A: retaliatory headbutt, horns 2
a: no special abilities


You were on level 3 of the Dungeon.
You were hungry.

You visited 1 branch of the dungeon, and saw 3 of its levels.

You collected 95 gold pieces.

Inventory:

Hand Weapons
 a - a +0 war axe (weapon)
Armour
 b - a +0 scale mail (worn)
 c - a +0 shield (worn)
 g - a +1 hat (worn)
Jewellery
 k - an uncursed ring of ice
 r - a ring of stealth (left hand)
Scrolls
 h - 4 scrolls of identify {unknown}
 i - 2 scrolls of enchant weapon {unknown}
 j - 2 scrolls of remove curse {unknown}
 m - a scroll of magic mapping {unknown}
 n - 3 scrolls of teleportation {unknown}
 p - a scroll of amnesia {unknown}
Potions
 d - 2 potions of might
 e - a potion of heal wounds {unknown}
 l - 2 potions of flight {unknown}
 o - 2 potions of brilliance {unknown}
 q - 2 potions of curing {unknown}
Comestibles
 f - 2 rations


   Skills:
 - Level 3.6 Fighting
 * Level 3.9 Axes
 + Level 4.2 Armour
 + Level 4.2 Shields


You had 2 spell levels left.
You didn't know any spells.

Dungeon Overview and Level Annotations

Branches:
Dungeon (3/15)

Altars:

Annotations:
D:2 1 runed door


Innate Abilities, Weirdness & Mutations

You reflexively headbutt those who attack you in melee.
You have a pair of horns on your head.


Message History

You closely miss the sky beast. You block the sky beast's attack.
You hit the sky beast. Your headbutt misses the sky beast.
The sky beast is moderately wounded.
The sky beast flickers out of sight!
Deactivating autopickup; reactivate with Ctrl-A.
Something hits you. Something shocks you.
You slash something! Your headbutt misses something.
Something hits you but does no damage. x2
You barely miss something. Your headbutt misses something.
Something hits you but does no damage.
You miss something. Something hits you but does no damage.
You closely miss something. Something hits you. Something shocks you.
Something hits you.
* * * LOW HITPOINT WARNING * * *
Something shocks you.
* * * LOW HITPOINT WARNING * * *
You closely miss something. Something hits you.
* * * LOW HITPOINT WARNING * * *
Something shocks you.
You die...

################
........<......#
######.######.# #.# #.#
#######.######.#
#..............######.#
#.#####†######.@{.....#
#.# #.##.....########
#.# #.##.###..
#.#####.##.###.##
#.##............
#.##.##.##.###.#
##.#...#.## # #.#
............ ..#
##.#...####.


There were no monsters in sight!

Vanquished Creatures
  2 adders (D:3)
  2 dart slugs
  A leopard gecko (D:2)
  7 bats
  3 giant cockroaches
  5 goblins
  4 hobgoblins
  A quokka (D:2)
  4 frilled lizards
  3 kobolds
32 creatures vanquished.

Notes
Turn   | Place    | Note
-------+----------+-------------------------------------------
     0 | D:1      | empire the Minotaur Fighter began the quest for the Orb.
     0 | D:1      | Reached XP level 1. HP: 19/19 MP: 0/0
   176 | D:1      | Reached XP level 2. HP: 21/26 MP: 1/1
   535 | D:2      | Reached XP level 3. HP: 31/31 MP: 2/2
   626 | D:2      | Found a runed door.
   661 | D:2      | Found a faded altar of an unknown god.
  1033 | D:3      | Noticed a sky beast
  1051 | D:3      | Slain by a sky beast

Skill      XL: |  1  2 |
---------------+-------+-----
Axes           | 3 |  3.9
Shields        | 4 |  4.2
Armour         | 4 |  4.2
Fighting       | |  3.6

Action                   || total
-------------------------++-------
Melee: War axe           ||    89
       Headbutt          ||     9
Armor: Scale mail        ||    60
Dodge: Dodged            ||    40
Block: Shield            ||    64
